 Dungeon Crawl Stone Soup version 0.19-a0-1714-gcab94ab (webtiles) character file.

581338 vale the Warrior (level 26, -9/220 HPs)
             Began as a Mummy Summoner on Sept 23, 2016.
             Was the Champion of Ashenzari.
             Shot with a bolt by a vault warden (17 damage)
             ... on level 5 of the Vaults on Sept 29, 2016.
             The game lasted 09:10:01 (144624 turns).

vale the Warrior (Mummy Summoner)                 Turns: 144624, Time: 09:10:02

Health: -9/220     AC: 16    Str: 14    XL:     26   Next: 41%
Magic:  24/44      EV: 25    Int: 24    God:    Ashenzari [******]
Gold:   4408       SH:  8    Dex: 15    Spells: 14 memorised, 2 levels left

rFire  + . .     SeeInvis +     a - +8 demon trident (vamp) (curse)
rCold  + + .     Gourm    .     t - +2 leather armour of the Amoeba {rElec rF+ rC+} (curse)
rNeg   + + +     Faith    .     I - +2 buckler {reflect} (curse)
rPois  ∞         Spirit   .     J - +2 helmet (curse)
rElec  +         Dismiss  .     o - +2 cloak (curse)
rCorr  .         Reflect  +     K - +0 pair of gloves {Str+3} (curse)
MR     +++..     Harm     .     r - +1 pair of boots {run} (curse)
Stlth  +++++..... Clarity  +    v - amulet of magic regeneration (curse)
                                f - ring of protection from fire
                                n - +6 ring of slaying (curse)

@: very slightly contaminated, repel missiles, quick
A: no food or potions, fire vulnerability, cold resistance 1, negative energy
resistance 3, torment resistance, unbreathing, in touch with death 2
a: Curse Item, Scrying, Transfer Knowledge, Renounce Religion
}: 2/15 runes: serpentine, barnacled


You were on level 5 of the Vaults.
You worshipped Ashenzari.
Ashenzari was exalted by your worship.
You were not hungry.

You visited 10 branches of the dungeon, and saw 48 of its levels.
You visited the Abyss 1 time.
You visited 1 bazaar.
You also visited: Labyrinth.

You collected 9621 gold pieces.
You spent 5213 gold pieces at shops.

Inventory:

Hand Weapons
 a - a cursed +8 vampiric demon trident (weapon)
Missiles
 j - 1703 stones (quivered)
 z - 8 throwing nets
Armour
 e - the +0 helmet "Ylawnuno" {MP+9}
   (You bought it in a shop on level 2 of the Depths)

   It affects your magic capacity (+9).
 o - a cursed +2 cloak (worn)
 r - a cursed +1 pair of boots of running (worn)
 t - the cursed +2 leather armour of the Amoeba (worn) {rElec rF+ rC+}
   (You found it on level 5 of the Lair of Beasts)

   It protects you from fire.
   It protects you from cold.
   It insulates you from electricity.
   It has a curse placed upon it.
 I - a cursed +2 buckler of reflection (worn)
 J - a cursed +2 helmet (worn)
 K - a cursed +0 pair of gloves of strength (worn)
Jewellery
 c - an uncursed ring of protection from cold
 f - a ring of protection from fire (right hand)
 n - a cursed +6 ring of slaying (left hand)
 v - a cursed amulet of magic regeneration (around neck)
 S - the ring "Bixuosot" {MR+ Str+8 Dex+3}
   (You took it off a deep elf high priest on level 3 of the Elven Halls)

   [ring of protection from magic]

   It affects your strength (+8).
   It affects your dexterity (+3).
   It affects your resistance to hostile enchantments.
Wands
 i - a wand of enslavement (8/24)
 m - a wand of iceblast (4/15)
 p - a wand of lightning (2/15)
 u - a wand of enslavement (9/24)
 x - a wand of paralysis (4/24)
 B - a wand of hasting (2/9)
 C - a wand of teleportation (6/9)
 D - a wand of lightning (5/15)
 L - a wand of hasting (9/9)
 O - a wand of hasting (0/9)
Scrolls
 b - 14 scrolls of identify
 d - 4 scrolls of fear
 k - 7 scrolls of magic mapping
 l - 8 scrolls of recharging
 q - a scroll of silence
 y - 2 scrolls of remove curse
 A - 3 scrolls of fog
 E - 6 scrolls of teleportation
 F - a scroll of torment
Miscellaneous
 h - a fan of gales
 w - a phial of floods (inert)
 H - a lamp of fire


   Skills:
 + Level 20.9 Fighting
   Level 4.0 Maces & Flails
 - Level 9.7(14.0) Polearms
 - Level 4.9 Armour
 - Level 14.4(18.4) Dodging
 - Level 7.5(12.0) Stealth
 - Level 4.6(7.5) Shields
 - Level 17.8 Spellcasting
 - Level 18.3(20.6) Conjurations
 - Level 3.0(5.6) Charms
 - Level 13.0(15.6) Summonings
 - Level 14.2(16.8) Necromancy
 - Level 2.0(4.3) Translocations
 - Level 3.8(6.6) Fire Magic
 - Level 8.9(11.8) Ice Magic
 - Level 6.5(9.6) Air Magic


You had 2 spell levels left.
You knew the following spells:

 Your Spells              Type           Power        Failure   Level  Hunger
a - Haunt                 Necr/Summ      ########..   3%          7    N/A
b - Spellforged Servitor  Conj/Summ      #######...   1%          7    N/A
d - Mephitic Cloud        Conj/Pois/Air  ######..     1%          3    N/A
f - Repel Missiles        Chrm/Air       ######       1%          2    N/A
h - Freezing Cloud        Conj/Ice/Air   ######....   1%          6    N/A
i - Bolt of Draining      Conj/Necr      ########..   1%          5    N/A
j - Summon Butterflies    Summ           #######.     0%          1    N/A
k - Apportation           Tloc           #####.....   1%          1    N/A
m - Sticky Flame          Conj/Fire      ######..     1%          4    N/A
n - Summon Lightning Spi  Summ/Air       ######..     1%          4    N/A
o - Orb of Destruction    Conj           #######...   1%          7    N/A
p - Blink                 Tloc           N/A          1%          2    N/A
u - Dispel Undead         Necr           ########     1%          5    N/A
y - Summon Ice Beast      Ice/Summ       ######..     1%          4    N/A

Dungeon Overview and Level Annotations

Branches:
Dungeon (15/15)            Temple (1/1) D:5            Lair (6/6) D:11
 Shoals (4/4) Lair:2        Snake (4/4) Lair:4        Slime (0/5) Lair:6
    Orc (2/2) D:10            Elf (3/3) Orc:2        Vaults (5/5) D:14
  Crypt (3/3) Vaults:3       Tomb (0/3) Crypt:3      Depths (5/5) D:15
    Zot (0/5) Depths:5

Altars:
Ashenzari
Cheibriados
Dithmenos
Elyvilon
Fedhas
Gozag
Hepliaklqana
Kikubaaqudgha
Makhleb
Nemelex Xobeh
Okawaru
Qazlal
Ru
Sif Muna
Trog
Uskayaw
Vehumet
Xom
Yredelemnul
Zin
The Shining One
Jiyva

Shops:
D:11 [   D:12 [(   D:13 ?   Orc:2 :(*[   Elf:1 %   Elf:2 [?!(:   Snake:1 *
Snake:2 }==   Vaults:3 [   Depths:2 [*(

Portals:
Hell: Depths:1 Depths:2 Depths:3 Depths:4 Depths:5
Abyss: Depths:2 Depths:4
Pandemonium: Depths:3 Depths:5
Ziggurat: Depths:1

Annotations:
D:4 razgard's ghost, amateur DsFi
D:10 exclusion: Urug, Gastronok; Urug
Lair:2 exclusion: downstairs
Lair:3 exclusion: hydra
Snake:3 Vashnia
Elf:1 exclusion: Roxanne, Roxanne
Elf:2 3 runed doors


Innate Abilities, Weirdness & Mutations

You do not eat or drink.
Your flesh is vulnerable to fire.
You are immune to poison.
Your flesh is cold resistant. (rC+)
You are immune to negative energy. (rN+++)
You are immune to unholy pain and torment.
You can survive without breathing.
You are strongly in touch with the powers of death.


Message History

The scroll dissolves into smoke.
The yaktaur shoots a bolt.
The bolt is repelled.
You hear a distant "Zot"!
Your surroundings suddenly seem different.
A storm dragon, a deep elf mage, a frost giant and a vault warden come into view.
Ashenzari warns you: The frost giant is wielding a battleaxe of freezing.
The vault warden is wielding a battleaxe of chopping.
A tengu reaver comes into view. It is wielding a halberd.
The frost giant shouts!
The tengu reaver shouts!
A stone giant comes into view.
A brown very ugly thing comes into view.
The brown very ugly thing gurgles horribly!
You hear a shout!
The deep elf mage shouts!
You hear a shout! x2
The vault warden shouts!
The brown very ugly thing closely misses you.
Okay, then.
The deep elf mage closely misses you.
The vault warden unwields an uncursed battleaxe of chopping.
The vault warden wields an arbalest.
The vault warden shoots a bolt.
The bolt hits you!
You die...

,,,,,,........#,,.#,,*
,,,,,,.D..........#,,*
,,,,,,........#...#,,*
*******#C.........#,,*
,*,,,*{*#.....#...#,,*
*,,,,,*{*#C...p...#,,*
,,,,,,,*{*#...#...#,,*
,,,,,,,,*,*#......#,∆*
,,,,,,,,,*,##.#e@.#,,*
,,,,,,,,,,*,##.u..#,,*
,,,,,,,,,{,*{#..Q.#,,*
,,,,,,,,,,,,#........#
************#####....#
,,,,,,,,,,,,,,,,,....#
,,,,,,,,,,,,,,,,,....#
*****************#####


You could see a frost giant, a brown very ugly thing, a vault warden, a tengu
reaver and a deep elf mage.

Vanquished Creatures
  2 ancient liches
  Mara (Vaults:4)
  Mennas (Crypt:1)
  2 juggernauts
  Boris (Depths:4)
  Margery (Vaults:2)
  Saint Roka (Elf:2)
  The ghost of gressup the Warrior, an adept DrCj of Ashenzari (Vaults:4)
  3 golden dragons
  Jory (Crypt:1)
  A bone dragon (Depths:5)
  A tentacled monstrosity (Vaults:5)
  5 liches
  A shard shrike skeleton (Crypt:1)
  2 titans
  A quicksilver dragon (shapeshifter) (Vaults:3)
  4 deep elf master archers (Elf:3)
  2 deep elf blademasters (Elf:3)
  2 acid blobs (Depths:1)
  A quicksilver dragon (Vaults:2)
  5 sphinxes
  Polyphemus (Shoals:3)
  2 krakens
  3 ancient champions
  Ilsuiw (Shoals:4)
  Donald (Shoals:3)
  3 azure jellies
  12 fire giants
  A shadow dragon (Depths:5)
  3 tengu reavers
  5 nagarajas
  A revenant (Crypt:1)
  9 deep elf sorcerers
  An orc warlord (Vaults:3)
  2 draconian knights (Depths:5)
  8 frost giants
  4 deep elf elementalists (Elf:3)
  12 vault wardens
  3 curse skulls
  2 cacodemons
  5 ghouls
  3 reapers (Crypt:3)
  2 spriggan defenders
  28 stone giants
  17 ironheart preservers
  An entropy weaver (Vaults:1)
  A green draconian (Depths:5)
  5 vampire knights
  5 deep elf demonologists
  31 very ugly things
  A red draconian (Depths:5)
  A white draconian (Depths:5)
  A black draconian (Depths:5)
  A purple draconian (Depths:5)
  2 mottled draconians (Depths:5)
  A dire elephant (shapeshifter) (Vaults:4)
  8 deep elf annihilators
  24 spark wasps
  7 merfolk javelineers
  5 death oozes (Depths:1)
  A crystal guardian (Vaults:4)
  12 ettins
  A minotaur (Lab)
  6 eidola
  6 deep elf death magi
  13 jiangshi
  A mummy priest (Crypt:3)
  17 merfolk impalers
  11 fire dragons
  12 yaktaur captains
  6 deep elf high priests (Elf:3)
  The ghost of SevenDeadlySins the Slinger, a journeyman HaFi of Okawaru (D:12)
  12 great orbs of eyes
  8 vault guards
  3 hydras
  9 ice dragons
  13 naga warriors
  4 rakshasas
  2 monstrous demonspawn (Depths:5)
  A hell beast (Depths:1)
  4 spriggan air magi
  3 catoblepae
  14 anacondas
  14 centaur warriors
  An alligator snapping turtle (shapeshifter) (Vaults:4)
  3 death knights
  12 deep troll shamans
  5 merfolk avatars
  19 ogre magi
  An alligator snapping turtle (Shoals:3)
  11 dancing weapons
  7 merfolk aquamancers
  5 satyrs
  A titan zombie (Crypt:3)
  An alligator (Snake:2)
  5 tengu warriors
  6 shock serpents
  19 death yaks
  9 deep troll earth magi
  6 vampire magi
  3 orc high priests (Orc:2)
  3 spriggan berserkers
  A spriggan (Depths:5)
  8 naga sharpshooters
  13 hell knights
  6 soul eaters
  A sun demon (Depths:1)
  26 deep elf knights
  8 iron trolls
  A salamander mystic (Depths:4)
  2 storm dragon skeletons
  25 skeletal warriors
  A sixfirhy (Depths:5)
  7 small abominations
  An infernal demonspawn (Depths:3)
  16 sea snakes
  2 shadow wraiths
  28 deep trolls
  10 unseen horrors
  9 glowing orange brains
  2 death drakes (shapeshifter)
  6 flayed ghosts
  4 shadow dragon zombies
  22 deep elf archers
  A gelid demonspawn (Depths:5)
  17 ironbrand convokers
  14 phantasmal warriors
  14 necromancers
  9 wizards
  4 large abominations
  A wolf spider zombie (Crypt:3)
  65 deep elf magi
  15 orc knights
  5 naga ritualists
  28 harpies
  3 orc sorcerers
  6 hill giants
  9 mana vipers
  2 hornets (Vaults:2)
  50 ugly things
  7 wolf spiders
  16 fauns
  A stone giant zombie (Crypt:3)
  A fire giant zombie (Crypt:3)
  19 manticores
  5 cyclopes
  2 frost giant zombies
  8 salamanders
  A shock serpent zombie (Crypt:2)
  A shadow dragon skeleton (Crypt:3)
  37 black mambas
  8 sirens
  A spectral centaur (D:14)
  9 water nymphs
  An orange demon (Depths:2)
  Maurice (D:10)
  2 frost giant skeletons (Vaults:3)
  3 guardian serpents
  13 vault sentinels
  14 naga magi
  8 spiny frogs
  A yaktaur zombie (Vaults:4)
  3 centaur skeletons
  2 gargoyles
  3 torpor snails (Lair:6)
  A purple draconian zombie (Crypt:2)
  A spiny frog (shapeshifter) (Depths:1)
  A catoblepas zombie (Crypt:3)
  An emperor scorpion zombie (Crypt:1)
  4 kobold demonologists
  48 yaktaurs
  9 komodo dragons
  A komodo dragon (shapeshifter) (Depths:3)
  12 hellwings
  A yaktaur skeleton (Vaults:3)
  17 freezing wraiths
  A queen bee (shapeshifter) (Vaults:3)
  A guardian mummy (Crypt:3)
  A jumping spider (shapeshifter) (Depths:2)
  10 tengu conjurers
  4 jumping spiders (Crypt:3)
  12 wind drakes
  A polar bear (Lair:3)
  54 merfolk
  2 polar bears (shapeshifter)
  14 trolls
  3 bog bodies
  A meliai zombie (D:14)
  35 two-headed ogres
  A raiju (shapeshifter) (Depths:3)
  A frost giant simulacrum (Vaults:4)
  6 dream sheep
  11 hippogriffs
  26 slime creatures
  A human simulacrum (Vaults:2)
  2 ice dragon zombies (Crypt:3)
  34 blink frogs
  An ice dragon skeleton (Crypt:3)
  3 shadows
  11 snapping turtles
  3 redbacks
  An ettin skeleton (Vaults:3)
  10 air elementals
  A vampire (D:11)
  13 wraiths
  3 redbacks (shapeshifter)
  A tarantella (shapeshifter) (Vaults:4)
  24 water elementals
  2 fire elementals
  28 yaks
  4 wyverns
  4 basilisks
  4 chaos spawn (Depths:4)
  A yak (shapeshifter) (Vaults:3)
  A human (shapeshifter) (Vaults:4)
  7 hungry ghosts
  6 vampire mosquitoes
  A spriggan simulacrum (Depths:1)
  3 mottled dragons
  4 wargs
  62 nagas
  2 swamp worms (Snake:2)
  A hell hound (shapeshifter) (Vaults:2)
  3 ice beasts
  25 water moccasins
  2 deep troll skeletons
  11 porcupines
  52 orc warriors
  A black bear (shapeshifter) (Vaults:2)
  A snapping turtle zombie (Crypt:3)
  2 slaves (D:9)
  2 phantoms
  A black bear (D:13)
  5 wasps
  6 necrophages
  4 sky beasts
  2 swamp drakes
  14 boggarts
  12 wolves
  61 ogres
  11 centaurs
  13 crocodiles
  8 human skeletons
  A snapping turtle skeleton (Crypt:3)
  A hog skeleton (Crypt:1)
  16 bullfrogs
  4 big kobolds
  4 earth elementals
  2 wyvern zombies
  9 wyvern skeletons
  2 scorpions
  A shapeshifter zombie (Crypt:1)
  A troll zombie (Crypt:3)
  A killer bee (D:7)
  A spriggan skeleton (Crypt:3)
  9 wights
  4 howler monkeys
  7 crimson imps
  6 centaur zombies
  A quasit (D:12)
  2 bullfrog zombies
  2 wasp zombies
  7 hounds
  5 jellies
  26 orc wizards
  19 orc priests
  2 basilisk zombies (Lair:4)
  A bullfrog skeleton (D:12)
  An iron imp (Depths:5)
  4 iguanas
  8 worker ants
  2 crocodile zombies
  A deep dwarf skeleton (Crypt:2)
  A hound zombie (D:7)
  A hound skeleton (D:4)
  2 mummies (Crypt:3)
  A howler monkey zombie (D:11)
  A worker ant zombie (D:7)
  4 gnolls
  A swamp drake zombie (Crypt:1)
  17 adders
  39 river rats
  2 shadow imps
  A white imp (Depths:3)
  4 oozes
  3 adder skeletons
  An adder zombie (D:8)
  A lava snake skeleton (Crypt:1)
  A worm (D:2)
  100 orcs
  A ball python (D:1)
  5 bats
  2 bat skeletons (D:6)
  2 bat zombies (D:6)
  7 giant cockroaches
  6 goblins
  A hobgoblin (D:3)
  9 jackals
  2 quokkas
  A ball python skeleton (Crypt:1)
  A frilled lizard (D:1)
  A jackal zombie (D:8)
  24 kobolds
  A leopard gecko zombie (D:4)
  A quokka skeleton (D:7)
  9 rats
  2 crawling corpses
  4 fungi (Elf:1)
  11 plants
  5 tentacles
2341 creatures vanquished.

Vanquished Creatures (collateral kills)
  A kraken (Shoals:1)
  Frances (Shoals:1)
  5 nagarajas
  2 orc warlords
  Louise (Shoals:1)
  An ironheart preserver (Vaults:3)
  The ghost of rogsnak the Eclecticist, a journeyman DECj of Sif Muna (Snake:2)
  A deep elf death mage (Crypt:3)
  A jiangshi (Crypt:2)
  Josephine (Shoals:1)
  A rakshasa (D:13)
  A merfolk impaler (Shoals:1)
  8 naga warriors
  3 merfolk avatars
  An ice dragon (D:15)
  A death knight (D:13)
  7 hydras
  An alligator (Snake:2)
  2 catoblepae
  6 anacondas
  7 death yaks
  The ghost of Roarke the Quickloader, a novice DgHu (D:11)
  2 orc high priests (Orc:2)
  10 naga sharpshooters
  6 shock serpents
  A salamander mystic (Snake:2)
  A hell knight (Vaults:2)
  3 skeletal warriors
  3 hill giants
  4 naga ritualists
  A sea snake (Shoals:1)
  4 orc knights
  A deep elf mage (D:11)
  Pikel (D:9)
  4 harpies (Shoals:1)
  5 necromancers
  7 mana vipers
  4 orc sorcerers (Orc:2)
  2 cyclopes (Shoals:2)
  4 fauns
  A fire giant zombie (Crypt:3)
  An ugly thing (D:7)
  4 salamanders
  A manticore (Shoals:1)
  A water nymph (Shoals:2)
  2 sirens
  2 guardian serpents
  13 black mambas
  6 naga magi
  A vault sentinel (Vaults:3)
  3 gargoyles
  2 rime drakes
  A red draconian zombie (Crypt:2)
  A yaktaur (Vaults:3)
  2 hellwings (Crypt:3)
  2 trolls
  Grinder (D:6)
  4 merfolk
  Prince Ribbit (D:6)
  2 snapping turtles (Shoals:2)
  3 slime creatures
  7 blink frogs
  4 dream sheep
  A fire dragon zombie (Crypt:3)
  3 hippogriffs
  2 water elementals
  8 yaks
  5 wraiths
  Eustachio (D:6)
  2 wyverns (D:11)
  2 hungry ghosts
  A vampire mosquito (Snake:2)
  A basilisk (Lair:1)
  2 wargs
  A mottled dragon (D:13)
  25 nagas
  12 water moccasins
  A soldier ant (D:8)
  13 orc warriors
  3 porcupines (Lair:1)
  2 swamp drakes (Snake:2)
  A black bear (Lair:3)
  2 slaves (D:9)
  3 ice beasts
  A sky beast (D:4)
  An eye of draining (D:11)
  6 ogres
  2 phantoms
  A snapping turtle zombie (Crypt:3)
  A wasp (Lair:2)
  3 wolves (Lair:1)
  5 necrophages
  9 centaurs
  2 crocodiles (Lair:1)
  3 big kobolds
  9 bullfrogs
  3 scorpions
  A wyvern skeleton (Crypt:3)
  2 killer bees (D:7)
  5 electric eels (Lair:4)
  A howler monkey (D:6)
  A vampire bat (D:6)
  8 wights
  3 crimson imps
  3 quasits
  A gnoll shaman (D:7)
  A centaur skeleton (D:4)
  3 centaur zombies
  14 orc priests
  4 hounds
  3 jellies
  17 orc wizards
  6 worker ants
  3 iguanas
  2 hound skeletons
  A howler monkey zombie (D:5)
  10 gnolls
  12 adders
  11 river rats
  A shadow imp (D:9)
  2 oozes
  An adder zombie (D:7)
  2 adder skeletons (D:6)
  A dart slug (D:3)
  3 leopard geckos
  68 orcs
  A ball python (D:6)
  4 bats
  A bat zombie (D:6)
  3 giant cockroaches
  10 hobgoblins
  13 jackals
  27 kobolds
  2 quokkas
  A dart slug zombie (Crypt:2)
  2 frilled lizards
  7 goblins
  2 rats
  2 fungi (Shoals:2)
  A tentacle (Shoals:1)
585 creatures vanquished.

Vanquished Creatures (others)
  A satyr (Shoals:2)
  A naga ritualist (Snake:3)
  A deep elf archer (Elf:3)
  A manticore (Shoals:1)
  2 fauns (Shoals:1)
  3 bushes
  38 fungi
  97 plants
  29 tentacles
  10 withered plants (Crypt:3)
183 creatures vanquished.

Grand Total: 3109 creatures vanquished

Notes
Turn   | Place    | Note
-------+----------+-------------------------------------------
     0 | D:1      | vale the Mummy Summoner began the quest for the Orb.
     0 | D:1      | Reached XP level 1. HP: 13/13 MP: 3/3
    62 | D:1      | Found a shimmering altar of Xom.
   628 | D:1      | Reached XP level 2. HP: 11/19 MP: 1/5
   632 | D:1      | Learned a level 2 spell: Call Imp
  2350 | D:2      | Reached XP level 3. HP: 23/24 MP: 6/6
  2637 | D:2      | Found a faded altar of an unknown god.
  3330 | D:2      | Reached XP level 4. HP: 30/30 MP: 7/7
  4143 | D:3      | Reached skill level 5 in Summonings
  4216 | D:3      | Learned a level 3 spell: Call Canine Familiar
  4887 | D:3      | Found a burning altar of Makhleb.
  4888 | D:3      | Found a radiant altar of Vehumet.
  5520 | D:3      | Reached XP level 5. HP: 32/35 MP: 1/9
  6086 | D:4      | Found a shattered altar of Ashenzari.
  6204 | D:4      | Became a worshipper of Ashenzari the Shackled
  6840 | D:4      | Noticed razgard's ghost (amateur DsFi)
  6865 | D:5      | Entered Level 5 of the Dungeon
  6868 | D:5      | Noticed a sky beast
  7269 | D:4      | Learned a level 4 spell: Summon Lightning Spire
  7752 | D:4      | Reached skill level 1 in Air Magic
  8108 | D:4      | Reached XP level 6. HP: 41/41 MP: 7/11
  8449 | D:4      | Killed a sky beast
  8992 | D:5      | Found a staircase to the Ecumenical Temple.
  9002 | Temple   | Entered the Ecumenical Temple
  9020 | Temple   | Reached * piety under Ashenzari
  9338 | D:5      | Reached XP level 7. HP: 8/46 MP: 5/12
 11021 | D:5      | Found an iron altar of Okawaru.
 11046 | D:5      | Found a sacrificial altar of Ru.
 11487 | D:5      | :(
 11495 | D:6      | Noticed Eustachio
 11849 | D:6      | Noticed Grinder
 11900 | D:6      | Killed Grinder
 12046 | D:6      | Found an ancient bone altar of Kikubaaqudgha.
 13039 | D:6      | Reached XP level 8. HP: 36/52 MP: 6/13
 13433 | D:6      | Killed Eustachio
 13539 | D:6      | Noticed Prince Ribbit
 14038 | D:6      | Killed Prince Ribbit
 15317 | D:6      | Found a hazy altar of Hepliaklqana.
 15361 | D:6      | Learned a level 4 spell: Summon Ice Beast
 16745 | D:7      | Found a blossoming altar of Fedhas.
 17150 | D:7      | Reached skill level 1 in Ice Magic
 17473 | D:7      | Noticed a white ugly thing
 17474 | D:7      | what the hell!
 18246 | D:7      | dammit
 18306 | D:8      | Reached XP level 9. HP: 51/58 MP: 8/15
 18463 | D:8      | Reached skill level 1 in Fighting
 18714 | D:8      | Elitist: I know you probably know.
 18784 | D:8      | Elitist: You should learn Inner Flame if you're raising Spellcasting.
 18784 | D:8      | Elitist: It's a good spell to use on weak summons.
 18784 | D:8      | vale: ah good point
 18784 | D:8      | vale: inner flame makes me nervous, tbh
 18784 | D:8      | Elitist: It's okay. I know why.
 18784 | D:8      | vale: it's gone wrong on me too many times
 18784 | D:8      | Elitist: If you put it on a quokka, nothing bad can happen.
 18784 | D:8      | Elitist: It's much faster than you and dies in a few hits.
 18784 | D:8      | vale: interesting
 18784 | D:8      | Elitist: (Your hexes apt also happens to be one of the few you have that isn't -2, is also why I suggest it.)
 18784 | D:8      | vale: i'll mess with it once i start to level fire
 18784 | D:8      | vale: yeah makes sense
 18784 | D:8      | vale: i want conjure flame first next i think
 19093 | D:8      | Reached skill level 2 in Fighting
 19395 | D:8      | Found a stormy altar of Qazlal.
 19418 | D:8      | Reached skill level 5 in Spellcasting
 19628 | D:8      | Elitist: That's a lot smarter, yeah.
 19915 | D:8      | Learned a level 3 spell: Conjure Flame
 20275 | D:9      | Noticed Pikel
 20411 | D:9      | Reached skill level 1 in Conjurations
 21063 | D:9      | Reached ** piety under Ashenzari
 21088 | D:9      | Reached skill level 1 in Fire Magic
 21212 | D:9      | oops
 21334 | D:9      | Noticed a troll
 21359 | D:9      | Killed Pikel
 21394 | D:9      | Killed a troll
 22078 | D:9      | Noticed a hill giant
 22092 | D:9      | Killed a hill giant
 22092 | D:9      | Reached XP level 10. HP: 69/69 MP: 7/18
 22117 | D:9      | Elitist: Three wands of para holy shoot.
 22157 | D:9      | Elitist: Honestly? You could play around those if you wanted to. Para is a really good wand.
 22157 | D:9      | Elitist: Like, full stop.
 22157 | D:9      | vale: yeah, pretty cool :)
 22159 | D:9      | vale: already saved me once or twice this game
 22159 | D:9      | Elitist: You don't have to, of course. Your exp needs to be managed well but Ashenzari makes it a lot easier to play based on reaction.
 22162 | D:9      | Elitist: Siiiiick.
 22215 | D:9      | Found a hazy altar of Hepliaklqana.
 22338 | D:9      | Found a glowing silver altar of Zin.
 22467 | D:10     | Entered Level 10 of the Dungeon
 22467 | D:10     | Noticed Maurice
 22666 | D:10     | Noticed Gastronok
 22838 | D:10     | Reached skill level 3 in Fighting
 22937 | D:10     | Noticed a hill giant
 22948 | D:10     | Reached skill level 5 in Dodging
 22949 | D:10     | Killed a hill giant
 23854 | D:7      | Killed a white ugly thing
 24180 | D:7      | Reached skill level 4 in Fighting
 24336 | D:8      | Elitist: You play confidently.
 24338 | D:9      | Elitist: You're not afraid?
 24628 | D:9      | vale: i think i've just played a lot of crawl
 24985 | D:11     | Noticed Roarke's ghost (novice DgHu)
 25568 | D:11     | Found a staircase to the Lair.
 25575 | D:11     | Found Tuuskin Vung's Antique Armour Boutique.
 25577 | D:11     | yay
 25764 | D:11     | Bought a pair of runed boots for 81 gold pieces
 25764 | D:11     | Bought a runed robe for 12 gold pieces
 25764 | D:11     | Bought a bronze leather armour for 126 gold pieces
 25960 | D:11     | Noticed a gargoyle
 26185 | D:10     | Killed Maurice
 26193 | D:10     | Learned a level 4 spell: Sticky Flame
 26217 | D:10     | Elitist: That whip will probably be good until the end of lair if you put a bit of skill in it.
 26217 | D:10     | Elitist: Not a lot. 6 would do.
 26217 | D:10     | vale: maybe
 26217 | D:10     | vale: conjure flame will get me through alone, with elec
 26334 | D:10     | Noticed Urug
 26433 | Lair:1   | Entered Level 1 of the Lair of Beasts
 26604 | Lair:1   | Reached XP level 11. HP: 78/78 MP: 22/22
 26623 | Lair:1   | Reached skill level 5 in Fighting
 26816 | Lair:1   | Elitist: For sure, you don't even NEED summons.
 26844 | Lair:1   | Elitist: And, tbh? That's not such a bad idea.
 26886 | Lair:1   | Elitist: Besides hydras maybe.
 26886 | Lair:1   | Elitist: Like here you could just.
 26886 | Lair:1   | Elitist: Wait.
 26886 | Lair:1   | Elitist: WAIT.
 26886 | Lair:1   | Elitist: Snakes can swim over water so don't try to block it with fire and think ur safe.
 26975 | Lair:1   | Elitist: I guess snakes aren't as dangerous for rPois+++
 26987 | Lair:1   | Elitist: But mambas can do good damage anyway.
 27048 | Lair:1   | Elitist: I know it doesn't matter a lot usually, but summons will eat up a lot of exp if you let them take all your fights.
 27065 | Lair:1   | Elitist: What you're doing is good, sharing fights with them.
 27481 | Lair:1   | vale: this game has been stingy with remove curse so far
 27493 | Lair:1   | Learned a level 3 spell: Inner Flame
 27934 | Lair:1   | Noticed a death yak
 27992 | Lair:1   | Killed a death yak
 28785 | Lair:1   | Elitist: It's only stingy when you go Ash.
 28785 | Lair:1   | Elitist: You get one free scroll, afterwords you're on your own.
 29995 | Lair:2   | Reached skill level 5 in Conjurations
 31248 | Lair:2   | Reached XP level 12. HP: 87/87 MP: 8/23
 31293 | Lair:2   | Found a staircase to the Shoals.
 31727 | Lair:2   | Reached skill level 6 in Fighting
 32128 | Lair:3   | Noticed a death yak
 32129 | Lair:3   | Noticed a death yak
 32131 | Lair:3   | Noticed a death yak
 32213 | Lair:3   | Noticed an eight-headed hydra
 32608 | Lair:3   | Killed an eight-headed hydra
 32985 | Lair:3   | Noticed an eight-headed hydra
 33339 | Lair:3   | Killed a death yak
 33352 | Lair:2   | Killed a death yak
 33352 | Lair:2   | Reached skill level 7 in Fighting
 33694 | Lair:3   | Found an ancient bone altar of Kikubaaqudgha.
 33707 | Lair:3   | Learned a level 3 spell: Mephitic Cloud
 33731 | Lair:3   | Identified the +0 war axe "Gakk" {holy, rC+ Str+4}
 33895 | Lair:3   | Reached skill level 1 in Maces & Flails
 33975 | Lair:3   | Killed a death yak
 34437 | Lair:3   | Reached skill level 5 in Stealth
 34980 | Lair:3   | Reached *** piety under Ashenzari
 35321 | Lair:3   | Noticed a seven-headed hydra
 35334 | Lair:3   | Killed a seven-headed hydra
 35535 | Lair:3   | Killed an eight-headed hydra
 36487 | Lair:4   | Gained mutation: You are in touch with the powers of death. [Mummy growth]
 36487 | Lair:4   | Reached XP level 13. HP: 96/96 MP: 17/25
 36658 | Lair:4   | Found a staircase to the Snake Pit.
 39302 | Lair:4   | Found a shimmering altar of Xom.
 39637 | Lair:5   | Identified the +5 great sword of Sunlight {slice, *Slow rC++ Str+4 Dex+3}
 39745 | Lair:5   | Got the uncursed leather armour of the Amoeba {rElec rF+ rC+}
 39816 | Lair:4   | Identified the +2 leather armour of the Amoeba {rElec rF+ rC+} (You found it on level 5 of the Lair of Beasts)
 39928 | Lair:5   | Reached **** piety under Ashenzari
 40109 | Lair:5   | Reached skill level 1 in Armour
 40961 | Lair:6   | Entered Level 6 of the Lair of Beasts
 42752 | Lair:6   | Found a staircase to the Slime Pits.
 42920 | Lair:6   | Elitist: Sorry, my internet DIED.
 42934 | Lair:6   | vale: oh no worries
 43114 | Lair:6   | vale: check out this ring though
 43114 | Lair:6   | vale: slaying +6
 43759 | Lair:6   | Reached XP level 14. HP: 71/103 MP: 10/27
 45098 | Lair:6   | Elitist: Oh, shit.
 45101 | Lair:6   | Reached skill level 10 in Spellcasting
 45160 | Lair:6   | Elitist: You could probably suppliment your play with a melee dude weapon.
 45161 | Lair:6   | vale: yeah lots of options now
 45161 | Lair:6   | Elitist: A decent morningstar with a damage brand and you could slay people to heck.
 45161 | Lair:6   | vale: definitely
 45161 | Lair:6   | Elitist: But don't worry about that right now.
 45161 | Lair:6   | vale: i did put a few points into maces
 45161 | Lair:6   | vale: 4 so far
 45161 | Lair:6   | Elitist: Good!
 45161 | Lair:6   | vale: it's been fine
 45161 | Lair:6   | Elitist: You won't regret them.
 45161 | Lair:6   | Elitist: That whip activates on hit, 1/3.
 45161 | Lair:6   | Elitist: So you want good speed.
 45161 | Lair:6   | vale: i was hoping for a decent dagger
 45161 | Lair:6   | vale: but it never happened
 45161 | Lair:6   | vale: found good armour too
 45161 | Lair:6   | Elitist: Heyyyy, that'll be good forever.
 45161 | Lair:6   | Elitist: rElec with rF+? Awesome.
 45163 | Lair:6   | Elitist: rC+ is the icing on the cake.
 45163 | Lair:6   | vale: right? so good
 45310 | Lair:6   | Reached skill level 10 in Summonings
 45727 | Lair:6   | Elitist: It's making me question the usefulness of slaying.
 45736 | Lair:6   | Reached skill level 8 in Fighting
 45849 | Lair:6   | Elitist: Mostly bc that armour is endgame.
 45933 | Lair:6   | Elitist: You could ask for soemthing heavier but you're probably primarily a spellcaster, which makes sense.
 46050 | Lair:6   | Elitist: If you find an eveningstar don't hesitate to put that thing up to +9 and whack at EVERYTHING.
 46543 | Lair:6   | Identified the +6 greatsling of the Valley {flame, MR+}
 46546 | Lair:6   | Elitist: Huh.
 46549 | Lair:6   | Elitist: HUH.
 46558 | Lair:6   | Elitist: You're gonna do one-hander with a shield, I presume?
 46558 | Lair:6   | vale: yeah
 46558 | Lair:6   | Elitist: That sling is okay if you wanted my two cents.
 46558 | Lair:6   | vale: it is, but ranged is awkward with ash
 46558 | Lair:6   | Elitist: MR+ isn't as great on you because you're already gonna end the game with great MR.
 46558 | Lair:6   | Elitist: That axe, on the other hand.
 46558 | Lair:6   | Elitist: I'd keep it in mind.
 46559 | Lair:6   | vale: on axes i prefer 2-handers
 46559 | Lair:6   | Elitist: People tend to be iffy, but broad axes are pretty spectacular.
 46559 | Lair:6   | vale: it's not bad though for sure
 46559 | Lair:6   | Elitist: Kind of like how scimitars will take you to the end of the game if you needed.
 46559 | Lair:6   | vale: we'll see how the game goes - i'm hoping for a quickblade
 46559 | Lair:6   | vale: they're pretty amazing with high slay
 47272 | Lair:1   | Learned a level 6 spell: Freezing Cloud
 47275 | D:11     | Elitist: The thing about QB's is that they also need a good brand.
 47303 | D:11     | Reached skill level 9 in Fighting
 47306 | D:11     | Elitist: Incidentally, Elf is one of the easier branches for Mummy, because, haha.
 47306 | D:11     | Elitist: Great MR.
 47308 | D:11     | vale: i usually hate dismissal but it's sort of tempting here
 47308 | D:11     | Elitist: It's a good swap.
 47308 | D:11     | Elitist: Key word; swap.
 47449 | D:11     | Elitist: It's among the most powerful items in the game.
 47449 | D:11     | Elitist: You get a 1/10 chance to remove a threat from a fight.
 47449 | D:11     | vale: cbro keeps crapping out on me
 47449 | D:11     | Elitist: Crap.
 47449 | D:11     | Elitist: Probably a good time to call it quits imo.
 47450 | D:11     | vale: yeah i'm gonna call it a night for now
 47450 | D:11     | vale: thanks for watching
 47450 | D:11     | Elitist: Have a good one, sleep well.
 47450 | D:11     | Elitist: My pleasure.
 47450 | D:11     | Upgraded the game from 0.19-a0-1673-g1c1b307 to 0.19-a0-1676-g39ae8cc
 47659 | D:11     | Killed Roarke's ghost
 48969 | D:12     | Noticed SevenDeadlySins's ghost (journeyman HaFi)
 48987 | D:12     | Killed SevenDeadlySins's ghost
 48996 | D:12     | Reached skill level 10 in Fighting
 49104 | D:12     | Found a labyrinth entrance.
 49148 | Lab      | Entered a labyrinth
 50118 | Lab      | Identified the +11 shortbow of Licwil {speed, rElec rF+} (You found it in a labyrinth)
 50617 | D:12     | Found Pufeanie's Armour Emporium.
 50660 | D:12     | Found Estrergh's Weapon Boutique.
 52146 | D:10     | Reached skill level 11 in Fighting
 52313 | D:10     | Found a staircase to the Orcish Mines.
 52571 | Orc:1    | Entered Level 1 of the Orcish Mines
 52630 | Orc:2    | Entered Level 2 of the Orcish Mines
 52822 | Orc:2    | Reached ***** piety under Ashenzari
 52832 | Orc:2    | Found a flickering gateway to a bazaar.
 52877 | Bazaar   | Entered a bazaar
 52877 | Bazaar   | Found Nakk's Assorted Antiques.
 52887 | Bazaar   | Found Malogam's Assorted Antiques.
 52891 | Bazaar   | Found Miplupri's Magic Scroll Boutique.
 52900 | Bazaar   | Found Doxtem's Book Boutique.
 52909 | Bazaar   | Found Camie's Armour Emporium.
 52929 | Bazaar   | Bought a scroll of remove curse for 42 gold pieces
 52929 | Bazaar   | Bought a scroll of recharging for 133 gold pieces
 52929 | Bazaar   | Bought a scroll of enchant armour for 105 gold pieces
 52944 | Bazaar   | Bought a scroll of teleportation for 81 gold pieces
 52957 | Bazaar   | Bought a scroll of identify for 54 gold pieces
 53230 | Orc:2    | Found a staircase to the Elven Halls.
 56037 | Orc:2    | Noticed an orc warlord
 56597 | Orc:1    | Noticed an orc warlord
 56641 | Orc:1    | Killed an orc warlord
 56641 | Orc:1    | Reached skill level 5 in Ice Magic
 57255 | Orc:2    | Killed an orc warlord
 57255 | Orc:2    | Reached XP level 15. HP: 60/118 MP: 8/29
 58779 | Orc:2    | Found Fawuot's Antique Armour Emporium.
 58844 | Orc:2    | Found Bisojies's General Store.
 58844 | Orc:2    | Found Gakleb's Book Shoppe.
 58846 | Orc:2    | Found Cumne's Antique Weapon Emporium.
 58992 | Orc:2    | Bought a pair of embroidered gloves for 130 gold pieces
 60332 | D:13     | Found Joum's Magic Scroll Shoppe.
 60586 | D:13     | Bought a scroll of summoning for 161 gold pieces
 60586 | D:13     | Bought a scroll of teleportation for 51 gold pieces
 60586 | D:13     | Bought a scroll of fog for 34 gold pieces
 60586 | D:13     | Bought a scroll of recharging for 161 gold pieces
 61555 | Snake:1  | Entered Level 1 of the Snake Pit
 62077 | Snake:1  | Reached skill level 1 in Shields
 63623 | Snake:1  | Reached skill level 5 in Air Magic
 64378 | Snake:1  | Found Udou's General Store.
 64430 | Snake:1  | Bought a scroll of remove curse for 39 gold pieces
 64430 | Snake:1  | Bought a box of beasts for 260 gold pieces
 64707 | Snake:2  | Noticed rogsnak's ghost (journeyman DECj)
 64724 | Snake:2  | Killed rogsnak's ghost
 67131 | Snake:2  | Identified the +1 scale mail of Liberalism {rC+ Str+4} (You found it on level 5 of the Dungeon)
 67131 | Snake:2  | Identified the cursed +1 leather armour of Devotion {rF+ Dex+7}
 67131 | Snake:2  | Identified the +2 leather armour of Love and Death {-Cast rPois rC- Str+4} (You bought it in a shop on level 11 of the Dungeon)
 67887 | Snake:2  | Reached XP level 16. HP: 125/125 MP: 22/30
 68418 | Snake:2  | Elitist: Buckler, the most versatile defensive tool in the game.
 68464 | Snake:1  | vale: yep! finally got one
 68671 | Snake:1  | Elitist: It's not a bad idea to enchant it, if you were thinking about it.
 68707 | Snake:2  | Elitist: You could wait for another one, one with an enchantment.
 68834 | Snake:2  | Found Aloel's Jewellery Boutique.
 68835 | Snake:2  | vale: i'll enchant my boots and gloves before my shield
 68835 | Snake:2  | Elitist: Smart, smart.
 68835 | Snake:2  | Elitist: Wow, that bow.
 68835 | Snake:2  | vale: i know, lol
 68835 | Snake:2  | Elitist: If it was long, I'd seriously consider dumping skill into it ASAP.
 68835 | Snake:2  | vale: i found it in a labyrinth
 68835 | Snake:2  | vale: i don't really have much use for it on this char, but man
 68835 | Snake:2  | Elitist: Speed means the most when it's on a strong weapon.
 68835 | Snake:2  | Elitist: Yeahhhh.
 68835 | Snake:2  | Elitist: On a HE that would be game breaking.
 68835 | Snake:2  | vale: for sure
 68883 | Snake:2  | Identified the ring of Jasm {rPois Stlth+} (You took it off a naga ritualist on level 2 of the Snake Pit)
 69229 | Snake:2  | Found Pag Ovorph's Gadget Emporium.
 69231 | Snake:2  | Found Fietaptu's Jewellery Boutique.
 69681 | Snake:2  | Elitist: See, what's great about Ashenzari.
 69681 | Snake:2  | Elitist: Is that once you find one game breaking spell.
 69681 | Snake:2  | Elitist: You can shift knowledge out of a school to get it.
 70947 | Snake:2  | vale: yeah, i've won ash like 15 times
 70947 | Snake:2  | vale: he's one of my favorites
 71581 | Snake:3  | Noticed Vashnia
 72093 | Snake:3  | dammit
 73535 | Snake:3  | Reached skill level 10 in Conjurations
 74527 | Shoals:1 | Entered Level 1 of the Shoals
 74929 | Shoals:1 | Reached skill level 12 in Fighting
 75102 | Shoals:1 | Noticed Louise
 75117 | Shoals:1 | Killed Louise
 75177 | Shoals:1 | Noticed Frances
 75188 | Shoals:1 | Killed Frances
 75206 | Shoals:1 | Noticed Josephine
 77169 | Snake:1  | Bought a scroll of brand weapon for 260 gold pieces
 77532 | Lair:1   | Identified the +2 leather armour of Love and Death {-Cast rPois rC- Str+4} (You bought it in a shop on level 11 of the Dungeon)
 77532 | Lair:1   | Identified the +2 leather armour of Love and Death {-Cast rPois rC- Str+4} (You bought it in a shop on level 11 of the Dungeon)
 77681 | Shoals:1 | Mekire: Eli has three wins? How the heck did that happen?
 77683 | Shoals:1 | Killed Josephine
 77683 | Shoals:1 | Reached skill level 1 in Polearms
 77836 | Shoals:1 | Noticed a kraken
 77865 | Shoals:1 | Elitist: I cheated, proabably.
 77870 | Shoals:1 | Elitist: The recent ones were streaks.
 77875 | Shoals:1 | Mekire: seems so. Even a streak
 77877 | Shoals:1 | Elitist: So I'm never gonna win again.
 77982 | Shoals:1 | Mekire: and a Fo
 77982 | Shoals:1 | Elitist: msp and gammafunk kept riding my ass.
 78073 | Shoals:1 | Noticed a kraken
 78076 | Shoals:1 | Elitist: Because I kept splatting at Level 17.
 78077 | Shoals:1 | Elitist: So I told them.
 78081 | Shoals:1 | Elitist: "I only splat on purpose."
 78084 | Shoals:1 | Elitist: That's my proof.
 78228 | Shoals:1 | Killed a kraken
 78618 | Shoals:1 | Mekire: I've been fairly successfully RL free for over a month now
 78619 | Shoals:1 | Mekire: xD
 78629 | Shoals:1 | Elitist: Oh thank God you're going cold turkey.
 78630 | Shoals:1 | Elitist: So am I, kind of.
 78723 | Shoals:1 | Elitist: I'm playing for fun again.
 78917 | Shoals:2 | Mekire: yeah, I think I have crawl mostly out of my system
 79079 | Shoals:2 | Mekire: though who knows i I start watching games again
 79264 | Shoals:2 | Reached XP level 17. HP: 134/134 MP: 17/31
 79507 | Shoals:2 | Mekire: dream sheep o.0
 79507 | Shoals:2 | Mekire: that seems new
 79507 | Shoals:2 | Mekire: (to me)
 79507 | Shoals:2 | vale: yeah they're rough
 79507 | Shoals:2 | Mekire: worse than death yaks I'm assuming?
 79509 | Shoals:2 | vale: it puts you to sleep
 79509 | Shoals:2 | Mekire: =/
 79509 | Shoals:2 | vale: yeah
 80048 | Shoals:2 | Identified the +2 leather armour of Love and Death {-Cast rPois rC- Str+4} (You bought it in a shop on level 11 of the Dungeon)
 80486 | Shoals:2 | Elitist: Dream Sheep are another HD/MR ignoring hex.
 80489 | Shoals:2 | Reached ****** piety under Ashenzari
 80512 | Shoals:2 | Reached skill level 5 in Polearms
 80845 | Shoals:3 | Noticed Polyphemus
 81506 | D:14     | Identified the cursed +1 leather armour of Devotion {rF+ Dex+7}
 82786 | D:14     | Found a gate to the Vaults.
 83276 | D:14     | Identified the +5 short sword "Weguweps" {elec, rC- Int+4 SInv} (You took it off a kobold demonologist on level 14 of the Dungeon)
 83716 | D:15     | Entered Level 15 of the Dungeon
 83985 | D:15     | Found a staircase to the Depths.
 85599 | Snake:4  | Entered Level 4 of the Snake Pit
 87206 | Snake:4  | Reached XP level 18. HP: 131/141 MP: 8/32
 89096 | Snake:4  | Got a serpentine rune of Zot
 89474 | Lair:1   | vale: ok, i'm calling it a night
 89474 | Lair:1   | vale: talk to you later
 89474 | Lair:1   | Upgraded the game from 0.19-a0-1676-g39ae8cc to 0.19-a0-1704-gbd66c22
 89474 | Lair:1   | Identified the +2 leather armour of Love and Death {-Cast rPois rC- Str+4} (You bought it in a shop on level 11 of the Dungeon)
 89480 | Lair:1   | Identified the +2 leather armour of Love and Death {-Cast rPois rC- Str+4} (You bought it in a shop on level 11 of the Dungeon)
 89480 | Lair:1   | Identified the +2 leather armour of Love and Death {-Cast rPois rC- Str+4} (You bought it in a shop on level 11 of the Dungeon)
 89611 | Orc:2    | Bought a book of Death for 700 gold pieces
 89618 | Orc:2    | Learned a level 5 spell: Bolt of Draining
 89621 | Orc:2    | Identified the +2 leather armour of Love and Death {-Cast rPois rC- Str+4} (You bought it in a shop on level 11 of the Dungeon)
 89881 | Vaults:1 | Entered Level 1 of the Vaults
 89897 | Vaults:1 | Identified the +0 chain mail "Adyussig" {rF+ rN+ MR+}
 89929 | Vaults:1 | Reached skill level 1 in Necromancy
 90515 | Vaults:1 | Found a shimmering altar of Xom.
 90845 | Vaults:1 | Identified a scroll of acquirement
 91849 | Vaults:1 | Reached skill level 5 in Necromancy
 92284 | Vaults:2 | Learned a level 2 spell: Blink
 92870 | Vaults:2 | Reached skill level 13 in Fighting
 93396 | Vaults:2 | Noticed Margery
 93420 | Vaults:2 | Killed Margery
 93637 | Vaults:2 | Noticed a lich
 93674 | Vaults:2 | Cast into level 4 of the Abyss (a lich)
 93675 | Abyss:4  | ah fuck
 93676 | Abyss:4  | yay
 93683 | Vaults:2 | Escaped the Abyss
 93699 | Vaults:2 | Killed a lich
 93725 | Vaults:1 | fuck
 94468 | Vaults:2 | Reached XP level 19. HP: 89/150 MP: 13/33
 95373 | D:13     | Bought a scroll of enchant weapon for 127 gold pieces
 95373 | D:13     | Bought a scroll of fog for 34 gold pieces
 96024 | Shoals:3 | Reached skill level 14 in Fighting
 96172 | Shoals:3 | Identified Sif Muna's Handbook of the Glacier and the Birds
 96880 | Shoals:2 | Learned a level 2 spell: Repel Missiles
 97076 | Shoals:3 | Reached skill level 1 in Charms
 97193 | Shoals:3 | Noticed Donald
 97297 | Shoals:3 | Identified the cursed +3 morningstar of Oenomania {flame, rElec MR+++ Str-5} (You took it off a siren on level 3 of the Shoals)
 97514 | Shoals:3 | Killed Polyphemus
 97899 | Shoals:4 | Entered Level 4 of the Shoals
 98052 | Shoals:4 | Noticed Ilsuiw
 98445 | Shoals:3 | Killed Donald
 99076 | Shoals:4 | Identified the +7 morningstar of Ydghugall {vamp, rPois MR+} (You took it off a siren on level 4 of the Shoals)
100743 | Shoals:4 | Reached skill level 15 in Fighting
101112 | Shoals:4 | Killed Ilsuiw
101797 | Shoals:4 | Reached XP level 20. HP: 160/162 MP: 13/36
102338 | Shoals:4 | Got a barnacled rune of Zot
103469 | Vaults:2 | Reached skill level 10 in Dodging
105743 | Vaults:3 | thank you stealth
106081 | Lair:1   | Learned a level 5 spell: Dispel Undead
106900 | Vaults:3 | Found a staircase to the Crypt.
107264 | Vaults:3 | Reached skill level 1 in Translocations
107629 | Vaults:3 | Found Cuakirre's Antique Armour Boutique.
107637 | Vaults:3 | Bought a pair of runed boots for 108 gold pieces
107637 | Vaults:3 | Bought a dazzling buckler for 228 gold pieces
107647 | Vaults:3 | Identified a +0 pair of boots of running (You bought it in a shop on level 3 of the Vaults)
107693 | Vaults:3 | Identified the +2 leather armour of Love and Death {-Cast rPois rC- Str+4} (You bought it in a shop on level 11 of the Dungeon)
108339 | Vaults:3 | Identified the Grimoire of Dusty Poison
108817 | Vaults:4 | Reached XP level 21. HP: 166/168 MP: 24/38
108991 | Vaults:4 | Noticed gressup's ghost (adept DrCj)
109006 | Vaults:4 | Killed gressup's ghost
110953 | Vaults:4 | Noticed Mara
111976 | Orc:2    | Bought a book of Annihilations for 1104 gold pieces
112041 | Elf:1    | Entered Level 1 of the Elven Halls
112490 | Lair:1   | Identified the +2 leather armour of Love and Death {-Cast rPois rC- Str+4} (You bought it in a shop on level 11 of the Dungeon)
113154 | Elf:1    | Noticed Roxanne
113466 | Elf:1    | Identified the Disquisition on Arcane Weapons
113876 | Elf:1    | Found Duilu's Food Emporium.
113990 | Elf:1    | Reached skill level 16 in Fighting
114444 | Elf:2    | Found Ukesch's Armour Boutique.
114508 | Elf:2    | Noticed Saint Roka
114526 | Elf:2    | Killed Saint Roka
115249 | Elf:2    | Found Ragonk's Book Emporium.
115251 | Elf:2    | Found Ebofekop's Antique Weapon Emporium.
115251 | Elf:2    | Found Yrete's Distillery.
115254 | Elf:2    | Found Benatir's Magic Scroll Shoppe.
115264 | Elf:2    | Bought a scroll of blinking for 112 gold pieces
115264 | Elf:2    | Bought a scroll of teleportation for 45 gold pieces
115264 | Elf:2    | Bought a scroll of fog for 30 gold pieces
115264 | Elf:2    | Bought a scroll of remove curse for 45 gold pieces
115304 | Elf:2    | Found a runed gate.
115304 | Elf:2    | Found a runed gate.
115304 | Elf:2    | Found a runed gate.
115628 | Elf:3    | Entered Level 3 of the Elven Halls
115702 | Elf:3    | Identified the +2 leather armour of Love and Death {-Cast rPois rC- Str+4} (You bought it in a shop on level 11 of the Dungeon)
116118 | Elf:3    | Reached skill level 17 in Fighting
117165 | Elf:3    | Reached XP level 22. HP: 182/182 MP: 34/39
117837 | Elf:3    | Identified the cursed +0 plate armour of Duid {rN+ Int+2} (You took it off a deep elf high priest on level 3 of the Elven Halls)
118253 | Elf:3    | Identified the cursed +0 scale mail "Jofuepso" {*Drain rC+ rN++ Dex+4} (You took it off a deep elf high priest on level 3 of the Elven Halls)
118253 | Elf:3    | Identified the cursed +0 morningstar of Luysch {crush, *Corrode rN+ Int+5} (You took it off a deep elf high priest on level 3 of the Elven Halls)
118506 | Elf:3    | Reached skill level 18 in Fighting
119045 | Elf:3    | Identified the ring "Bixuosot" {MR+ Str+8 Dex+3} (You took it off a deep elf high priest on level 3 of the Elven Halls)
119120 | Elf:3    | Identified the ring of the Doge {*Slow rPois rC++ rN+++ Str+3} (You took it off a deep elf sorcerer on level 3 of the Elven Halls)
119120 | Elf:3    | Identified the +3 war axe of Soomalos {chop, rC+ Stlth+} (You took it off a deep elf sorcerer on level 3 of the Elven Halls)
119611 | Elf:3    | Identified the amulet of Fudov {+Rage rN+ Dex+6} (You took it off a deep elf mage on level 3 of the Elven Halls)
119885 | Elf:3    | Identified the ring "Suuwomp" {rN+ Dex+2} (You took it off a deep elf elementalist on level 3 of the Elven Halls)
119885 | Elf:3    | Identified the +7 falchion "Dyfax" {holy, rF+ SInv} (You took it off a deep elf elementalist on level 3 of the Elven Halls)
120050 | Elf:3    | Reached skill level 19 in Fighting
120062 | Elf:3    | Identified the +4 scale mail of the Ditch-Digger {Int+4} (You took it off a deep elf master archer on level 3 of the Elven Halls)
120212 | Elf:3    | Identified Kakkiq's Papyrus of Flying Transformation
120750 | Depths:1 | Entered Level 1 of the Depths
121408 | Depths:1 | Found a hide-covered altar of Uskayaw.
121433 | Depths:1 | Found a gateway to a ziggurat.
121582 | Depths:1 | Noticed a golden dragon
121584 | Depths:1 | Found a runed door.
122356 | Depths:1 | Reached skill level 20 in Fighting
122890 | Depths:1 | Found a viscous altar of Jiyva.
123425 | Depths:1 | Reached XP level 23. HP: 197/197 MP: 25/40
123584 | Depths:1 | Found a gateway to Hell.
124444 | D:15     | Identified the +2 leather armour of Love and Death {-Cast rPois rC- Str+4} (You bought it in a shop on level 11 of the Dungeon)
124816 | Depths:2 | Reached skill level 15 in Spellcasting
124988 | Lair:1   | Learned a level 7 spell: Orb of Destruction
125157 | Depths:2 | Found Gozag's Assorted Antiques.
125293 | Depths:2 | Found an opulent altar of Gozag.
125296 | Depths:2 | Found Gozag's Antique Weapon Shop.
125301 | Depths:2 | Found Gozag's Antique Armour Boutique.
125988 | Depths:2 | Found a one-way gate to the infinite horrors of the Abyss.
127378 | Depths:3 | Found a one-way gate leading to the halls of Pandemonium.
128107 | Depths:3 | Identified the +2 leather armour of Love and Death {-Cast rPois rC- Str+4} (You bought it in a shop on level 11 of the Dungeon)
128841 | Depths:3 | Reached XP level 24. HP: 172/204 MP: 27/44
128913 | Depths:3 | Identified the +0 buckler of Oxteuke {rElec rN+ SInv Stlth-} (You bought it in a shop on level 3 of the Vaults)
128963 | Depths:3 | Identified the cursed +0 troll leather armour of Time Monsters {rElec Regen+ Int+3} (You took it off a fire giant on level 3 of the Depths)
129381 | Depths:3 | Reached skill level 15 in Conjurations
129439 | Depths:3 | Identified the Volume of the Snowflakes
129759 | Depths:3 | Identified the +6 chain mail of the Wasteland {rElec rPois Str-3 Int+2 Stlth+}
129766 | Depths:3 | Learned a level 1 spell: Summon Butterflies
129768 | Depths:3 | Learned a level 1 spell: Apportation
129946 | Depths:4 | Noticed Boris
130039 | Depths:4 | Killed Boris
130752 | Depths:4 | Noticed a juggernaut
130752 | Depths:4 | Noticed an ancient lich
130809 | Depths:4 | Killed a juggernaut
130944 | Depths:4 | Identified the +10 dagger "Qyelurusan" {vamp, rPois rN++}
130977 | Depths:4 | Killed an ancient lich
131070 | Depths:4 | Learned a level 7 spell: Haunt
131857 | Depths:5 | Entered Level 5 of the Depths
132552 | Depths:5 | Reached XP level 25. HP: 199/211 MP: 26/44
132935 | Depths:5 | Found a gate to the Realm of Zot.
133188 | Depths:5 | Noticed a juggernaut
133903 | Depths:5 | Killed a juggernaut
135015 | Lair:1   | Learned a level 7 spell: Spellforged Servitor
135265 | Crypt:1  | Entered Level 1 of the Crypt
135917 | Crypt:1  | Noticed Jory
135971 | Crypt:1  | Killed Jory
136448 | Crypt:1  | Noticed Mennas
136764 | Crypt:1  | Killed Mennas
137851 | Crypt:2  | Reached skill level 10 in Necromancy
138403 | Crypt:3  | Entered Level 3 of the Crypt
138678 | Crypt:3  | Noticed an ancient lich
139504 | Crypt:3  | Found an ancient bone altar of Kikubaaqudgha.
139932 | Crypt:3  | Gained mutation: You are strongly in touch with the powers of death. [Mummy growth]
139932 | Crypt:3  | Reached XP level 26. HP: 158/218 MP: 44/44
140242 | Crypt:3  | Killed an ancient lich
140315 | Crypt:3  | Identified the Volume of Darkness
140418 | Crypt:3  | Identified the +2 leather armour of Love and Death {-Cast rPois rC- Str+4} (You bought it in a shop on level 11 of the Dungeon)
140865 | Lair:1   | Learned a level 7 spell: Orb of Destruction
141325 | Crypt:3  | Found a staircase to the Tomb.
142186 | Crypt:3  | Identified Huokon's Catalogue of Black Magic
142659 | Lair:1   | Identified the +2 leather armour of Love and Death {-Cast rPois rC- Str+4} (You bought it in a shop on level 11 of the Dungeon)
142841 | Depths:2 | Bought a crude helmet for 950 gold pieces
142841 | Depths:2 | Identified the +0 helmet "Ylawnuno" {MP+9} (You bought it in a shop on level 2 of the Depths)
142884 | Depths:2 | Upgraded the game from 0.19-a0-1704-gbd66c22 to 0.19-a0-1714-gcab94ab
143263 | Vaults:4 | Noticed vale's illusion
143830 | Vaults:4 | Killed Mara
144431 | Vaults:4 | Identified the +1 falchion "Lileasie" {venom, Str+3}
144497 | Vaults:5 | Entered Level 5 of the Vaults
144617 | Vaults:5 | HP: 5/220 [yaktaur captain/bolt (39)]
144624 | Vaults:5 | Shot with a bolt by a vault warden

Vault maps used:
D:1:      dpeg_arrival_chase, serial_corexii_hall, corexii_hall_statues_t,
          corexii_hall_statues_l, xom_teletrap_fun
D:2:      ecumenical_altar_1, first_bread, grunt_ministairs_12
D:3:      grunt_temple_overflow_lords_of_destruction
D:4:      nicolae_ashenzari_panopticon
D:5:      nicolae_ru_the_path_less_chosen, okawaru_altar_gauntlet_db
D:6:      kennysheep_vampire_church, lemuel_coloured_pillars_altar,
          uniq_prince_ribbit1, uniq_grinder, uniq_eustachio
D:7:      fedhas_altar_decomposition, grunt_ogre_cave
D:8:      old_standard_altar
D:9:      marbit_many_paths, basic_altar, basic_loot_grate_trap, uniq_pikel
D:10:     wad_pebble_path, hiddenorc1_lemuel, uniq_urug, uniq_maurice,
          uniq_gastronok
D:11:     minmay_four_partial_circles, lair_0_dummy, serial_shops,
          nicolae_shop_competitors_out_of_business, minmay_misc_feat_tower,
          minmay_misc_feat_iff
D:12:     lab_entry_generic, serial_shops, kennysheep_little_box, shop,
          abandoned_shop
D:13:     serial_shops, nicolae_shop_waterfront
D:14:     minmay_ambush_box, lightli_vaults_fourway_checkpoint,
          minmay_misc_feat_encased, hangedman_weighted_door
D:15:     grunt_enter_depths_hoard
Temple:   minmay_temple_curvy_loop
Lair:1:   lemuel_reptile_caves, hangedman_lair_generics_rect
Lair:2:   minmay_shoals_entry_hut, serial_forest,
          infiniplex_forest_lined_room_2, infiniplex_forest_corner_1,
          infiniplex_forest_clump_cross, infiniplex_forest_side_room,
          infiniplex_forest_clump_medium
Lair:3:   basic_altar, roderic_lost_polar_bear, serial_bayou_shore_a,
          lemuel_fruit_fields
Lair:4:   pond_and_an_island_with_a_cottage,
          minmay_snake_entry_guardpost_medium, basic_altar, lemuel_fruit_tree
Lair:5:   st_stairs_8
Lair:6:   evilmike_catoblepas_cave, minmay_slime_entry_pillars,
          grunt_megastairs_1
Shoals:1: uniq_josephine, uniq_louise, uniq_frances
Shoals:2: overgrown_hall
Shoals:3: uniq_polyphemus, uniq_donald
Shoals:4: shoals_end_hangedman, shoal_ilsuiw, nicolae_shoals_water_shrine
Snake:1:  serial_shops, nicolae_shop_waterfront
Snake:2:  onia_ninara_swampy_vault, minmay_shop_grove, serial_bayou_shore_b
Snake:3:  grunt_ministairs_11, basic_stair_grate_trap, uniq_vashnia
Snake:4:  minmay_snake_end_coiled, st_stairs_7
Orc:2:    st_orc_congregation, serial_shops, bzr_entry_lakeside,
          nicolae_volcano_entry_s_turn
Elf:1:    eino_elf_arrival_sip, serial_shops, nicolae_shop_stone,
          minmay_elf_annihilation, nicolae_elf_big_sculpture_3, uniq_roxanne
Elf:2:    serial_shops, shop_fountains, spider_trap, minmay_crystal_room,
          minmay_shoptagon, uniq_saint_roka, uniq_aizul
Elf:3:    minmay_elf_hall_not_hex
Vaults:1: hangedman_vaults_slice, ontoclasm_vaults_hangar,
          nicolae_vaults_diagonal_hallway_6, grunt_vaults_hallway_long,
          v_misc_15, hangedman_vaults_restitches,
          nicolae_vaults_mini_display_case, nicolae_vaults_angled_halls,
          basic_altar
Vaults:2: v_misc_29, v_misc_16, st_diamondy, grunt_vaults_funnel,
          vaults_room_door_ring, ontoclasm_vaults_hangar,
          hangedman_vaults_pinch, ontoclasm_vaults_fault,
          nicolae_vaults_network_square, ontoclasm_vaults_gateway,
          nicolae_vaults_little_squares_5, nicolae_vaults_border_crossing,
          nicolae_vaults_rhombus_6, hangedman_vaults_slice, uniq_margery
Vaults:3: st_eye, minmay_crypt_entry_skeletal_spiral,
          nicolae_vaults_network_periphery, v_misc_26,
          ontoclasm_vaults_loading_screen, v_misc_14,
          hangedman_vaults_stretched_pinwheel, v_alt_pattern_3, serial_shops,
          shop
Vaults:4: hangedman_vaults_nails, hangedman_vaults_unwind, st_hourglassy,
          ontoclasm_vaults_claustrophobia, vaults_mumra_lcd,
          hangedman_vaults_slither, nicolae_vaults_alarming,
          hangedman_vaults_stagger, vaults_room_boxed, vaults_room_pool,
          uniq_mara
Crypt:1:  minmay_misc_feat_cross, st_stairs_10, uniq_jory, uniq_mennas
Crypt:3:  evilmike_haunted_forest
Depths:1: kennysheep_large_spiral, enter_ziggurat_e, grunt_mini_vestibule,
          special_room, basic_altar, lightli_gold_pyramid
Depths:2: kennysheep_gozag_temple, nicolae_abyss_entry_one_way_or_another,
          minmay_misc_feat_four_crosses, hell_entry, serial_bayou_lagoon_b
Depths:3: kennysheep_green_arena, rand_demon_pan_entry_5,
          hangedman_coc_ice_floe, serial_bayou_lagoon_a,
          infiniplex_staircase_river, serial_bayou_shore_b, serial_bayou_shore_b
Depths:4: kennysheep_water_balloons, bh_walls_and_bars, minmay_room_of_horrors,
          hangedman_tar_grid_catacomb, infiniplex_staircase_star, uniq_boris
Depths:5: grunt_x_marks_the_spot, rand_demon_pan_entry_4,
          grunt_hell_entry_dis_mu, serial_sigils_hangedman_leer,
          evilmike_butchery
Abyss:4:  hangedman_shadowy_showcase
Lab:      labyrinth_spiral, nicolae_lab_lava
Bazaar:   bazaar_kb_twisted_cavern

Skill      XL: |  1  2  3  4  5  6  7  8  9 10 11 12 13 14 15 16 17 18 19 20 21 22 23 24 25 26 |
---------------+-------------------------------------------------------------------------------+-----
Summonings     | 4 5 6 8 9 10 13 | 13.0
Spellcasting   | 3 4 5 7 8 9 10 12 13 17 | 17.8
Air Magic      | 1 3 4 6 |  6.5
Ice Magic      | 1 5 7 8 |  8.9
Fighting       | 2 4 5 7 11 12 13 15 17 20 | 20.9
Conjurations   | 2 6 7 8 11 13 14 17 18 | 18.3
Dodging        | 4 6 8 9 12 14 | 14.4
Fire Magic     | 2 3 |  3.8
Stealth        | 6 7 |  7.5
Maces & Flails | 3 4 |  4.0
Armour         | 4 |  4.9
Shields        | 4 |  4.6
Polearms       | 3 9 |  9.7
Necromancy     | 8 9 12 14 | 14.2
Charms         | 3 |  3.0
Translocations | 2 |  2.0

Action                   |  1- 3 |  4- 6 |  7- 9 | 10-12 | 13-15 | 16-18 | 19-21 | 22-24 | 25-27 || total
-------------------------+-------+-------+-------+-------+-------+-------+-------+-------+-------++-------
Melee: Dagger            |   215 |   413 |   626 |       |       |       |       |       |       ||  1254
       Hand axe          |     6 |       |       |       |       |       |       |       |       ||     6
       Whip              |       |       |   164 |   650 |  1259 |   319 |       |       |       ||  2392
       Demon trident     |       |       |       |       |       |  1211 |  1717 |  1345 |  1146 ||  5419
Throw: Stone             |    12 |    36 |    21 |    80 |   155 |    94 |    61 |    25 |    19 ||   503
       Throwing net      |       |       |       |       |       |     3 |       |       |       ||     3
 Cast: Summon Small Mamm |    29 |     3 |       |     4 |     2 |     1 |       |       |       ||    39
       Call Imp          |    21 |    63 |    41 |     2 |     3 |       |       |       |       ||   130
       Call Canine Famil |       |    24 |    71 |     9 |       |       |     2 |       |       ||   106
       Summon Lightning  |       |       |    25 |    21 |    78 |    71 |    15 |     2 |     5 ||   217
       Summon Ice Beast  |       |       |    28 |   109 |   233 |   174 |    36 |     1 |     8 ||   589
       Conjure Flame     |       |       |     4 |    69 |    64 |    30 |    30 |    14 |     1 ||   212
       Sticky Flame      |       |       |       |    57 |   259 |   105 |    45 |    19 |     4 ||   489
       Mephitic Cloud    |       |       |       |       |    46 |    27 |     9 |     2 |     2 ||    86
       Freezing Cloud    |       |       |       |       |       |    92 |   144 |   142 |    19 ||   397
       Bolt of Draining  |       |       |       |       |       |    26 |   231 |   148 |    26 ||   431
       Blink             |       |       |       |       |       |     3 |     1 |     9 |     8 ||    21
       Repel Missiles    |       |       |       |       |       |       |     7 |     3 |     1 ||    11
       Dispel Undead     |       |       |       |       |       |       |    19 |    31 |   116 ||   166
       Orb of Destructio |       |       |       |       |       |       |       |    45 |    46 ||    91
       Spellforged Servi |       |       |       |       |       |       |       |       |     4 ||     4
       Haunt             |       |       |       |       |       |       |       |       |     5 ||     5
Invok: Curse Item        |       |       |     1 |       |     5 |     2 |     2 |     1 |     1 ||    12
       Scrying           |       |       |       |       |       |     6 |       |     3 |     1 ||    10
Evoke: Wand              |       |       |     8 |     5 |    15 |    16 |     5 |       |     4 ||    53
       Lamp of fire      |       |       |       |       |     2 |     3 |       |       |     1 ||     6
       Sack of spiders   |       |       |       |       |     6 |     2 |       |       |       ||     8
       Fan of gales      |       |       |       |       |     2 |     2 |       |       |       ||     4
       Box of beasts     |       |       |       |       |     1 |     1 |       |       |       ||     2
       Phial of floods   |       |       |       |       |       |       |     1 |       |     1 ||     2
  Use: Scroll            |     5 |     5 |     7 |     9 |    18 |    17 |     8 |     2 |    18 ||    89
 Stab: Sleeping          |     1 |     6 |       |       |     5 |     8 |    13 |     7 |     7 ||    47
       Distracted        |       |     4 |    11 |     4 |     7 |    26 |     7 |    10 |     9 ||    78
       Paralysed         |       |       |     5 |     1 |       |       |       |       |       ||     6
       Confused          |       |       |       |       |    10 |    27 |     7 |     1 |       ||    45
       Petrified         |       |       |       |       |       |       |     5 |       |       ||     5
Armor: Robe              |    49 |   137 |   320 |   156 |    11 |       |       |       |       ||   673
       Leather armour    |       |       |       |       |   272 |   270 |   228 |   140 |    99 ||  1009
Dodge: Dodged            |   196 |   311 |   674 |   473 |   837 |   775 |   684 |   637 |   578 ||  5165
       Deflected         |       |       |       |       |       |       |    47 |    32 |     9 ||    88
Block: Other             |       |       |    29 |   118 |   191 |       |       |       |       ||   338
       Reflection        |       |       |     1 |     1 |    14 |    39 |       |       |     3 ||    58
       Buckler           |       |       |       |       |    56 |   343 |   182 |   233 |   233 ||  1047
